[Event "Shanghai m"]
[Site "Shanghai"]
[Date "2016.05.05"]
[Round "2"]
[White "So, Wesley"]
[Black "Ding, Liren"]
[Result "1/2-1/2"]
[ECO "C83"]
[WhiteElo "2775"]
[BlackElo "2778"]
[Annotator "CB"]
[PlyCount "61"]
[EventDate "2016.05.04"]
[EventType "match"]
[EventRounds "4"]
[EventCountry "CHN"]
[SourceTitle "CBM 173"]
[Source "ChessBase"]
[SourceDate "2016.07.12"]
[SourceVersion "1"]
[SourceVersionDate "2016.07.12"]
[SourceQuality "1"]
[TimeControl "40/5400+30:1800+30"]

1. e4 e5 2. Nf3 Nc6 3. Bb5 a6 4. Ba4 Nf6 5. O-O Nxe4 {Ding Liren ist neben
Vachier Lagrave der einzige Top Ten Spieler der Welt, der die Berliner Mauer
nicht als Hauptwaffe gegen 1.e4 spielt. Die offene Variante des Spaniers
verwendet er hingegen oft, doch auch So hat hier Erfahrung, spielte er im
Januar in Wijk aan Zee doch zweimal diese alterwürdige Variante.} 6. d4 b5 7.
Bb3 d5 8. dxe5 Be6 9. c3 (9. Nbd2 Nc5 10. c3 Be7 11. Bc2 d4 12. Nb3 d3 {
ist die absolute Hauptvariante. Weiß kann nun zwischen dem soliden 13.Sxc5 mit
sehr leichtem Vorteil im Endspiel wählen oder das ambitioniertere 13.Lb1 mit
unklarer Stellung wählen.} 13. Nxc5 (13. Bb1 Nxb3 14. axb3 Bf5 15. Re1 O-O {
1/2-1/2 (70) Wei Yi (2706)-So,W (2773) Wijk aan Zee NED 2016}) 13... dxc2 14.
Qxd8+ Rxd8 15. Nxe6 fxe6 16. Be3 Rd5 17. Rfc1 Nxe5 18. Nxe5 Rxe5 19. Bd4 Rg5
20. Rxc2 Kf7 21. Be3 Re5 {1/2-1/2 (99) Carlsen,M (2844)-Ding Liren (2766) Wijk
aan Zee NED 2016}) 9... Be7 10. Be3 O-O (10... Nc5 $5 {ist eine schärfere
Alternative} 11. Bc2 Nd7 12. Re1 Ndxe5 13. Nxe5 Nxe5 14. Bd4 Nc6 15. Bxg7 Rg8
16. Bh6 Bc5 17. Qf3 Qh4 $13 {0-1 (65) Acs,P (2525)-Kortschnoj,V (2619) Paks
2005}) 11. Nbd2 Nxd2 {so bekommt Weiß einen leichten Vorteil, doch Ding Liren
zeigt, dass dieser gut zu neutralisieren ist.} (11... Qd7 {wiederum
ambitionierter ist, den Springer auf e4 zu belassen.} 12. Re1 Rad8 13. Bc2 f5
14. exf6 Nxf6 {mit leichtem weißen Vorteil, doch unklarerem Spiel} 15. a4 Ng4
16. axb5 axb5 17. Bd4 Nxd4 18. Nxd4 Qd6 19. N2f3 Bd7 20. h3 Nxf2 21. Kxf2 Bh4+
22. Kg1 Bxe1 23. Qxe1 c5 24. Nb3 Bxh3 25. Ng5 Bf5 26. Bxf5 Rxf5 27. Qe6+ Qxe6
28. Nxe6 Re8 29. Nbxc5 Re5 30. Ra6 Re2 31. b4 Rc2 32. Ra7 Rxc3 33. Rxg7+ Kh8
34. Rd7 Rc4 35. Ng5 Rxb4 36. Nce6 Rh4 37. g3 Rh5 38. Kg2 b4 39. Nf7+ Kg8 40.
Nf4 {1-0 (40) Kasparov,G (2813)-Shirov,A (2726) Izmir 2004 CBM 104 [Postny,E]})
12. Bxd2 $5 $146 {nimmt dem schwarzen Standardmanöver die Pointe, stellt den
Läufer aber auch auf ein unnatürliches Feld} (12. Qxd2 {wurde bisher
ausschließlich gespielt - Schwarz kann hier jedoch forciert fortsetzen und
mittels} Na5 {sein Spiel natürlich voran treiben.} 13. Bc2 (13. Nd4 c5 14. Nxe6
fxe6 15. Bc2 Nc4 16. Qd3 g6 17. Bh6 Rf7 $13 {0-1 (31) Becker,A-Bogoljubow,E
Karlsruhe 1938}) 13... Nc4 14. Qd3 g6 15. Bh6 Nxb2 16. Qe3 Nc4 17. Qf4 f6 (
17... Re8 $146 {furchtlos - Weiß hat Kompensation, aber ob diese ausreicht ist
bezweifelbar}) 18. Bxf8 Qxf8 19. Nd4 $14 {1-0 (47) Psakhis,L (2545)-Zaitsev,I 
(2465) Yerevan 1982}) 12... Qd7 $1 {von Sos Neuerung überrascht findet sich
Ding Liren gut zurecht und wählt einen weiteren logischen Plan, der den
typischen Zentrumsdurchbruch d4 vorbereitet.} (12... Na5 13. Bc2 Nc4 14. Bc1 c5
15. Qe2 {ist die weiße Idee. Die Stellung ist zweischneidig, doch sicherlich
etwas besser für Weiß.}) 13. Re1 Rad8 14. Bg5 $2 (14. Qe2 d4 15. cxd4 Nxd4 16.
Nxd4 Qxd4 17. Ba5 $1 Qa7 $1 {nebst dem entlastenden Manöver Lc5-Lb6 sichert
Ausgleich} 18. Rac1 Bc5) 14... Bg4 15. Bxe7 Qxe7 {ich weiß nicht, wieso der
Us-Amerikaner diese Stellung anstrebte. Sein Bauer e5 teigt zur Schwäche, der
Springer ist unangenehm gefesselt und der Durchbruch d4 liegt in der Luft.} 16.
Bc2 {Diagramm [#]} d4 $6 {strebt das entstehende Schwerfigurenendspiel an, das
kleinen Vorteil sichert.} (16... g6 $1 {hätte die Spannung noch etwas aufrecht
gehalten. Aktuell droh Schwarz den e5 einfach einzustecken.} 17. a4 (17. h3 $6
Bxf3 18. Qxf3 Nxe5 19. Qg3 (19. Qe3 Rfe8 20. f4 Nc6 $17) 19... Rde8 20. f4 Qc5+
$17) 17... d4 $36 (17... Bxf3 18. Qxf3 Nxe5 19. Qe3 Rfe8 20. axb5 axb5 21. f4
Nc6 22. Qxe7 Rxe7 23. Rxe7 Nxe7 24. Ra7 $44)) (16... Bxf3 $6 17. Qxf3 Nxe5 $4
18. Qf5 ) 17. Qd3 g6 18. Nxd4 Nxd4 19. cxd4 Bf5 20. Qb3
Bxc2 21. Qxc2 Rxd4 {der Rauch ist etwas verzogen und die schwarze Initiative
nicht allzu beträchtlich. So sichert in der Folge problemlos das Remis.} 22.
Qc6 Qe6 23. Qxc7 (23. Qxe6 {auch hier behält Schwarz etwas Druck} fxe6 24. Rad1
Rfd8 25. Rxd4 Rxd4 26. Kf1 c5 (26... Rd2 $6 27. Re2 Rd1+ 28. Re1 Rxe1+ 29. Kxe1
c5 30. Ke2 Kf7 31. Kd3 {bietet Schwarz nur Remischancen}) 27. Rc1 Rd5 28. f4 g5
29. fxg5 Rxe5 $15) 23... Rc8 24. Qa7 Rd2 25. b4 Rcc2 26. h3 {Diagramm [#] die
schwarze Initiative wirkt bedrohlich, doch So hat alles im Griff und kann
mittels des Durchbruchs e6 immer genug Gegenspiel organisieren.} Qf5 (26...
Rxa2 27. Rxa2 Rxa2 28. Qd4 $11) 27. e6 Qxf2+ 28. Qxf2 Rxf2 29. e7 Rxg2+ 30. Kh1
Rh2+ 31. Kg1 1/2-1/2

[Event "Tata Steel-A 79th"]
[Site "Wijk aan Zee"]
[Date "2017.01.15"]
[Round "2"]
[White "Giri, Anish"]
[Black "So, Wesley"]
[Result "1/2-1/2"]
[ECO "D78"]
[WhiteElo "2773"]
[BlackElo "2808"]
[PlyCount "85"]
[EventDate "2017.01.14"]
[EventType "tourn"]
[EventRounds "13"]
[EventCountry "NED"]
[EventCategory "21"]
[SourceTitle "CBM 177"]
[Source "ChessBase"]
[SourceDate "2017.03.16"]
[SourceVersion "1"]
[SourceVersionDate "2017.03.16"]
[SourceQuality "1"]
[TimeControl "40/6000+30:20/3000+30:900+30"]

1. Nf3 d5 2. g3 g6 3. Bg2 Bg7 4. d4 Nf6 5. O-O O-O 6. c4 c6 7. Qb3 Qb6 8. Nc3 Rd8 9. Bd2 Be6 $146 (9... Bf5 10. Na4 Qxb3 11. axb3 Nbd7 12. Rfc1 Be4 13. Be1 Ne8
14. e3 Nd6 15. Bb4 a5 16. Be1 e6 17. Ra2 b5 18. cxb5 cxb5 19. Nc5 Nxc5 20. dxc5
Rdc8 21. Bd2 Nf5 22. Bxa5 b4 23. c6 Ne7 24. c7 Bf6 25. Rca1 Ra7 26. Nd4 Bxd4
27. exd4 Bxg2 28. Kxg2 Rb7 29. Rc1 Nf5 30. Ra4 Kf8 31. Rxb4 Rxb4 32. Bxb4+ Ke8
33. Bc5 Rxc7 34. Ra1 Kd7 35. b4 Nd6 36. b3 f6 37. Ra6 Rc6 38. Ra7+ Rc7 39. Ra6
{Chandra,A (2464)-Zierk,S (2488) Saint Louis 2016 1/2-1/2 (76)}) 10. Na4 Qxb3 11. axb3 Nbd7 12. Rfc1 Ne4 13. Ba5 b6 14. Be1 Rac8 15. cxd5 Bxd5 16. b4 e5 17. Nxe5 Nxe5 18. dxe5 Bxe5 19. Bxe4 Bxe4 20. Nc3 Bd5 21. Rxa7 Bc4 22. Na4 Bxe2 23. Nxb6 Rc7 24. Ra2 Bd4 25. Na4 Ra7 26. b3 Bb5 27. Rd2 Rad7 28. Rcd1 Rd6 29. Kg2 Be5 30. Rxd6 Rxd6 31. Rc1 Rd8 32. Nc5 Bb2 33. Rc2 Bd4 34. Bd2 Bxc5 35. bxc5 f6 36. h4 Rd3 37. Rb2 Kf7 38. g4 h5 39. gxh5 gxh5 40. Be3 Kg6 41. Rb1 Rc3 42. b4 Rc4 43. Kh3 1/2-1/2

[Event "Tata Steel-A 79th"]
[Site "Wijk aan Zee"]
[Date "2017.01.17"]
[Round "4"]
[White "Van Wely, Loek"]
[Black "So, Wesley"]
[Result "0-1"]
[ECO "A11"]
[WhiteElo "2695"]
[BlackElo "2808"]
[PlyCount "86"]
[EventDate "2017.01.14"]
[EventType "tourn"]
[EventRounds "13"]
[EventCountry "NED"]
[EventCategory "21"]
[SourceTitle "CBM 177"]
[Source "ChessBase"]
[SourceDate "2017.03.16"]
[SourceVersion "1"]
[SourceVersionDate "2017.03.16"]
[SourceQuality "1"]
[TimeControl "40/6000+30:20/3000+30:900+30"]

1. Nf3 d5 2. g3 Bg4 3. Bg2 c6 4. c4 e6 5. O-O Nf6 6. d3 Bd6 7. Nc3 O-O 8. Qb3 Qb6 9. cxd5 $146 (9. Be3 Qxb3 10. axb3 a6 11. Nd2 Nbd7 12. h3 Bf5 13. g4 Bg6 14. f4 h6 15. Ra4 {
1/2-1/2 (15) Gonda,L (2563)-Varga,Z (2464) Balatonboglar 2014}) 9... Qxb3 10. axb3 exd5 11. Be3 a6 12. h3 Bxf3 13. Bxf3 Nbd7 14. d4 Rfe8 15. Kg2 g6 16. Bh6 Ne4 17. Rad1 f5 18. h4 Ndf6 19. e3 a5 20. Rh1 Ra6 21. Ra1 Rea8 22. Nxe4 Nxe4 23. Bxe4 dxe4 24. d5 c5 25. h5 Rb6 26. hxg6 hxg6 27. Bg5 Be5 28.
Rad1 Rxb3 29. d6 Rd3 30. d7 Bc7 31. b3 b5 32. Be7 c4 33.
bxc4 bxc4 34. Rc1 Rxd7 35. Ba3 Be5 36. Rxc4 a4 37. Rc6 Rd3 38. Bc5 a3 39. Rxg6+ Kf7 40. Rg5 a2 41. Rxf5+ Ke6 42. Rxe5+ Kxe5 43. Bd4+ Rxd4 0-1

[Event "Tata Steel-A 79th"]
[Site "Wijk aan Zee"]
[Date "2017.01.22"]
[Round "8"]
[White "Karjakin, Sergey"]
[Black "So, Wesley"]
[Result "1/2-1/2"]
[ECO "A13"]
[WhiteElo "2785"]
[BlackElo "2808"]
[PlyCount "44"]
[EventDate "2017.01.14"]
[EventType "tourn"]
[EventRounds "13"]
[EventCountry "NED"]
[EventCategory "21"]
[SourceTitle "CBM 177"]
[Source "ChessBase"]
[SourceDate "2017.03.16"]
[SourceVersion "1"]
[SourceVersionDate "2017.03.16"]
[SourceQuality "1"]
[TimeControl "40/6000+30:20/3000+30:900+30"]

1. Nf3 d5 2. e3 Nf6 3. c4 e6 4. b3 b6 5. Bb2 Bb7 6. Nc3 (6. cxd5 exd5 7. Nc3 Nbd7 8. d4 a6 9. Bd3 Bd6 10. O-O O-O 11.
Rc1 Ne4 12. Rc2 Qe7 13. Qc1 Ndf6 14. Ne2 c5 15. Ng3 Nxg3 16. hxg3 Ne4 17. dxc5
bxc5 18. Bxe4 dxe4 19. Nd2 Rad8 20. Nc4 Bc7 21. Ba3 Rd5 22. Nb2 Bd6 23. Rd1 Rh5
24. Nc4 Bc7 25. Nd2 Bd6 26. Nc4 Bc7 27. Nb2 Bd6 28. Qd2 Rh6 29. Qe2 Rc8 30.
Rcd2 a5 31. Nc4 Ba6 32. Qg4 Rg6 33. Nxd6 {1-0 (33) Karjakin,S (2785)-Fressinet,
L (2672) Doha 2016}) 6... a6 7. cxd5 exd5 8. d4 Bd6 9. g3 O-O 10. Bg2 Nbd7 11.
O-O Qe7 $146 (11... Re8 12. Rc1 Ne4 13. Rc2
Ndf6 14. Qc1 Ng4 15. Ba3 Rc8 16. Na4 a5 17. h3 Ngf6 18. Rd1 Bb4 19. Ne5 c5 20.
Bb2 c4 21. bxc4 dxc4 22. Nxc4 b5 23. Nc5 bxc4 24. Nxb7 Qe7 25. Nc5 c3 26. Ba1
Bxc5 27. dxc5 Qxc5 28. Rd4 Rc7 29. Kh2 Qf5 30. g4 Qe5+ 31. f4 Qb5 32. g5 Nxg5
33. fxg5 Qxg5 34. Rxc3 Rce7 35. Rc5 Qh6 36. Rc8 Rxe3 37. Rxe8+ Nxe8 38. Re4
Rxe4 39. Qxh6 gxh6 40. Bxe4 Nd6 41. Bd3 {Salem,A (2608)-Osmanodja,F (2318)
Warsaw 2016 1-0}) 12. a4 Ne4 13. Ne2 a5 14. Nf4 Rac8 15. Re1 Bb4 16. Re2 Nc3 17. Bxc3 Bxc3 18. Rc1 Bb4 19. Rec2 c6 20. Nd3 Bd6 21. Qd2 g6 22. Qc3 Rfe8 1/2-1/2

[Event "Tata Steel-A 79th"]
[Site "Wijk aan Zee"]
[Date "2017.01.24"]
[Round "9"]
[White "So, Wesley"]
[Black "Aronian, Levon"]
[Result "1/2-1/2"]
[ECO "D39"]
[WhiteElo "2808"]
[BlackElo "2780"]
[PlyCount "76"]
[EventDate "2017.01.14"]
[EventType "tourn"]
[EventRounds "13"]
[EventCountry "NED"]
[EventCategory "21"]
[SourceTitle "CBM 177"]
[Source "ChessBase"]
[SourceDate "2017.03.16"]
[SourceVersion "1"]
[SourceVersionDate "2017.03.16"]
[SourceQuality "1"]
[TimeControl "40/6000+30:20/3000+30:900+30"]

1. Nf3 d5 2. d4 Nf6 3. c4 e6 4. Nc3 Bb4 5. Bg5 dxc4 6. e4 c5 7. Bxc4 cxd4 8. Nxd4 Bxc3+ 9. bxc3 Qa5 10. Bb5+ Nbd7 11. Bxf6 Qxc3+ 12. Kf1 gxf6 13. h4 Qb4 14. Rh3 a6 15. Be2 Ne5 16. Rb1 Qd6 17. Qd2 Bd7 18. Rxb7 Bb5 19. Rc3 $146 (19. Rb3 Rc8 20. Bxb5+ axb5 21. Qb4 Qxb4 22. Rxb4 O-O 23. R7xb5 Rfd8 24.
Ke2 Kg7 25. Ra4 Ra8 26. Rbb4 Rdb8 27. Nb3 Rxb4 28. Rxb4 Rxa2+ 29. Nd2 Kg6 30.
g3 h5 31. Rd4 f5 32. exf5+ Kxf5 33. Rf4+ Kg6 34. Rd4 Kf5 35. Rf4+ Kg6 36. Rd4 {
1/2-1/2 (36) Giri,A (2773)-Aronian,L (2780) Stavanger 2015}) 19... Rd8 20. Nf3 Qxd2 21. Bxb5+ axb5 22. Nxd2 O-O 23. Nf3 Nxf3 24. Rxf3 Rb8 25. Rg3+ Kh8 26. Rxb8 Rxb8 27. Rb3 Ra8 28. Rxb5 Rxa2 29. Rb4 Kg7 30. g3 Ra5 31. Kg2 f5 32. exf5 Rxf5 33. g4 Ra5 34. Kg3 h6 35. Rc4 Rb5 36. Rd4 Ra5 37. Rc4 Rb5 38.
Rd4 Ra5 1/2-1/2

[Event "Tata Steel-A 79th"]
[Site "Wijk aan Zee"]
[Date "2017.01.27"]
[Round "11"]
[White "Andreikin, Dmitry"]
[Black "So, Wesley"]
[Result "1/2-1/2"]
[ECO "C67"]
[WhiteElo "2736"]
[BlackElo "2808"]
[PlyCount "49"]
[EventDate "2017.01.14"]
[EventType "tourn"]
[EventRounds "13"]
[EventCountry "NED"]
[EventCategory "21"]
[SourceTitle "CBM 177"]
[Source "ChessBase"]
[SourceDate "2017.03.16"]
[SourceVersion "1"]
[SourceVersionDate "2017.03.16"]
[SourceQuality "1"]
[TimeControl "40/6000+30:20/3000+30:900+30"]

1. e4 e5 2. Nf3 Nc6 3. Bb5 Nf6 4. O-O Nxe4 5. Re1 Nd6 6.
Nxe5 Be7 7. Bf1 Nxe5 8. Rxe5 O-O 9. d4 Bf6 10. Re1 Re8 11.
Bf4 Rxe1 12. Qxe1 Ne8 13. c3 d5 14. Bd3 g6 15. Nd2 Ng7 16.
Qe2 c6 17. Re1 Bf5 18. Bxf5 Nxf5 19. Nf3 Ng7 20. Be5 Bxe5 21. Nxe5 Qd6 22. Qf3 f6 23. Nd3 Re8 24. Rxe8+ Nxe8 25. h4 1/2-1/2

[Event "Tata Steel-A 79th"]
[Site "Wijk aan Zee"]
[Date "2017.01.28"]
[Round "12"]
[White "So, Wesley"]
[Black "Wei, Yi"]
[Result "1/2-1/2"]
[ECO "D41"]
[WhiteElo "2808"]
[BlackElo "2706"]
[PlyCount "63"]
[EventDate "2017.01.14"]
[EventType "tourn"]
[EventRounds "13"]
[EventCountry "NED"]
[EventCategory "21"]
[SourceTitle "CBM 177"]
[Source "ChessBase"]
[SourceDate "2017.03.16"]
[SourceVersion "1"]
[SourceVersionDate "2017.03.16"]
[SourceQuality "1"]
[TimeControl "40/6000+30:20/3000+30:900+30"]

1. Nf3 d5 2. d4 Nf6 3. c4 e6 4. Nc3 c5 5. cxd5 cxd4 6. Qxd4 exd5 7. e4 Nc6 8. Bb5 dxe4 9. Qxd8+ Kxd8 10. Ng5 Be6 11. Bxc6 (11. O-O Bb4 12. Ncxe4 Nxe4 13. Nxe4 Ke7 14. Be3 Rhd8 15. Bxc6
bxc6 16. Rfc1 Bd5 17. Bc5+ Bxc5 18. Nxc5 Rab8 19. Rc2 Bxa2 20. h3 Be6 21. Rxa7+
Kf6 22. Nxe6 fxe6 23. Rxc6 Rxb2 24. Rcc7 Rg8 25. h4 Rb5 26. g3 Kg6 27. Ra6 Kf6
28. Kg2 Rbb8 29. g4 Rbc8 30. g5+ Kf5 31. Re7 Rce8 32. Rea7 Kg4 33. Ra4+ Kh5 34.
Kg3 Ref8 35. Re7 Rf5 36. Rxe6 Rgf8 37. f4 Rb5 38. Ra3 Rb1 39. Re7 Rg1+ 40. Kh2
Rg4 {Mamedyarov,S (2768)-Wei,Y (2707) Doha 2016 1/2-1/2}) 11... bxc6 12. Nxe6+ fxe6 13. Ke2 Bb4 14. Na4 Kc7 15.
Bf4+ $146 (15. Rd1 Rhd8 16. Bf4+ Kb7 17. Rac1 a5 18. Rxd8 Rxd8
19. Rc4 Rd5 20. Be3 Rb5 21. h3 Kc7 22. b3 Rd5 23. Bf4+ Kb7 24. Bg3 {1/2-1/2 
(24) Lysyj,I (2691)-Wang,Y (2726) China 2015}) 15... Bd6 16.
Be3 Nd5 17. Rac1 Rhf8 18. Nc5 Bxc5 19. Rxc5 Nf4+ 20. Bxf4+ Rxf4 21. Ke3 Raf8 22. Rc2 Rg4 23. g3 Rf3+ 24. Ke2 Rg6 25. Rhc1 Rgf6 26. Rxc6+ Kd7 27. Rc7+ Kd6 28. R1c6+ Kd5 29.
Rc5+ Kd6 30. R7c6+ Kd7 31. Rc7+ Kd6 32. R7c6+ 1/2-1/2

[Event "Paris GCT Rapid"]
[Site "Paris"]
[Date "2017.06.22"]
[Round "5"]
[White "Vachier Lagrave, Maxime"]
[Black "So, Wesley"]
[Result "1/2-1/2"]
[ECO "C67"]
[WhiteElo "2796"]
[BlackElo "2812"]
[PlyCount "117"]
[EventDate "2017.06.21"]
[EventType "tourn (rapid)"]
[EventRounds "9"]
[EventCountry "FRA"]
[EventCategory "22"]
[SourceTitle "CBM 179"]
[Source "ChessBase"]
[SourceDate "2017.07.12"]
[SourceVersion "1"]
[SourceVersionDate "2017.07.12"]
[SourceQuality "1"]
[TimeControl "1500"]

1. e4 e5 2. Nf3 Nc6 3. Bb5 Nf6 4. O-O Nxe4 5. d4 Nd6 6.
Bxc6 dxc6 7. dxe5 Nf5 8. Qxd8+ Kxd8 9. Rd1+ Ke8 10. Nc3 Be7 11. Ne2 Nh4 12. Nxh4 Bxh4 13. Be3 Be7 14. a4 h5 15. a5 h4 16. Nd4 Rh5 17. a6 Rxe5 18. Bf4 Rd5 19. c4 Rd7 20. axb7 Bxb7 21. Nf5 Bf6 22. Re1+ Kf8 23. Be5 Bxe5 24. Rxe5 Rd2 25. b3 Rd3 26. Nxh4 Rxb3 27. h3 Rb4 28. Rh5 Kg8 29. Rc5 a5 30. Rcxa5 Rxa5 31. Rxa5 Rxc4 32. Nf5 Rb4 33. Ra1 Rb5 34. Nd4 Rb4 35. Nf5 g6 36. Ne3 Kf8 37. g4 Ke7 38. Kh2 c5 39. Rc1 Kd6 40. Kg3 Bd5 41.
h4 Re4 42. h5 gxh5 43. gxh5 Re6 44. Rd1 c6 45. h6 Kc7 46. Ng4 Be4 47. Re1 c4 48. Kf4 Bg6 49. Rxe6 fxe6 50. Nf6 Kd6 51. Ke3 Ke5 52. h7 Bxh7 53. Nxh7 Kf5 54. Nf8 c3 55. Kd3 Kf4 56. Nxe6+ Kf3 57. Nd4+ Kxf2 58. Nxc6 c2 59. Kxc2 1/2-1/2

[Event "Paris GCT Rapid"]
[Site "Paris"]
[Date "2017.06.22"]
[Round "6"]
[White "Mamedyarov, Shakhriyar"]
[Black "So, Wesley"]
[Result "1/2-1/2"]
[ECO "D37"]
[WhiteElo "2800"]
[BlackElo "2812"]
[PlyCount "147"]
[EventDate "2017.06.21"]
[EventType "tourn (rapid)"]
[EventRounds "9"]
[EventCountry "FRA"]
[EventCategory "22"]
[SourceTitle "CBM 179"]
[Source "ChessBase"]
[SourceDate "2017.07.12"]
[SourceVersion "1"]
[SourceVersionDate "2017.07.12"]
[SourceQuality "1"]
[TimeControl "1500"]

1. d4 d5 2. c4 e6 3. Nc3 Be7 4. Nf3 Nf6 5. Bf4 O-O 6. e3 Nbd7 7. a3 c5 8. cxd5 Nxd5 9. Nxd5 exd5 10. dxc5 Nxc5 11. Be2 Qb6 12. Be5 Nb3 13. Rb1 Bf5 14. Bd3 Be4 15. O-O Qg6 16. Bxe4 dxe4 17. Qxb3 exf3 18. Bg3 fxg2 19. Rfd1 b6 20. Qd3 Qxd3 21. Rxd3 Rfd8 22. Rbd1 Rxd3 23. Rxd3 Rd8 24. Rc3 Bf6 25. Rc7 a5 26. Rb7 Bxb2 27. Bd6 h6 28. Rxb6 Bc3 29. Kxg2 Rc8 30. Kf3 Rc4 31. Rb5 Rc6 32. Bc5 Rf6+ 33. Ke2 a4 34. Kd3 Be1 35. Ke2 Bc3 36. Kd3 Be1 37. f4 Rf5 38. Kc4 g5 39. fxg5 Rxg5 40. Bd4 Kh7 41. Rb1 Ba5 42. Rf1 Kg8 43. Rf6 Rh5 44. Ra6 Kh7 45. Ra8 Be1 46. Rh8+ Kg6 47. Rg8+ Kf5 48. Rg1 Bh4 49. Rf1+ Ke6 50. Kb4 Be7+ 51. Kxa4 Rxh2 52. Kb3 h5 53. a4 Bd8 54. Ra1 Ba5 55. Kc4 Rg2 56. Rf1 Bd8 57. Ra1 Rg5 58. Bc3 Bb6 59. a5 Rc5+ 60. Kd3 Rd5+ 61. Kc4 Rc5+ 62. Kd3 Rd5+ 63. Ke2 Ba7 64. a6 Rd7 65. Rh1 Rd5 66. Rf1 Rb5 67. Rf6+ Ke7 68. Rc6 Kd7 69. Rf6 Ke7 70. Rh6 Rb3 71. Bf6+ Kd7 72. Bg5 Rb6 73. Rxh5 Rxa6 74. Bf4 1/2-1/2

[Event "Paris GCT Rapid"]
[Site "Paris"]
[Date "2017.06.23"]
[Round "7"]
[White "So, Wesley"]
[Black "Topalov, Veselin"]
[Result "1/2-1/2"]
[ECO "A29"]
[WhiteElo "2812"]
[BlackElo "2749"]
[PlyCount "120"]
[EventDate "2017.06.21"]
[EventType "tourn (rapid)"]
[EventRounds "9"]
[EventCountry "FRA"]
[EventCategory "22"]
[SourceTitle "CBM 179"]
[Source "ChessBase"]
[SourceDate "2017.07.12"]
[SourceVersion "1"]
[SourceVersionDate "2017.07.12"]
[SourceQuality "1"]
[TimeControl "1500"]

1. c4 e5 2. Nc3 Nf6 3. Nf3 Nc6 4. g3 d5 5. cxd5 Nxd5 6. Bg2 Nb6 7. O-O Be7 8. Rb1 a5 9. d3 Be6 10. Be3 O-O 11. d4 exd4 12. Nxd4 Nxd4 13. Bxd4 c6 14. f4 f5 15. e4 Rf7 16. Bh3 Nc4 17. exf5 Bxf5 18. Bxf5 Rxf5 19. Qd3 Qxd4+ 20. Qxd4 Bc5 21. Rfd1 Bxd4+ 22. Rxd4 Ne3 23. Kf2 Ng4+ 24. Kg2 Re8 25. h3 Nf6 26. g4 Rc5 27. Rbd1 b5 28. a3 Re3 29. g5 Nd5 30. Nxd5 Rxd5 31. Rxd5 cxd5 32. Rxd5 Re2+ 33. Kf3 Rxb2 34. f5 Rb3+ 35. Kg4 Rxa3 36. Rxb5 a4 37. Ra5 Ra1 38. g6 hxg6 39. fxg6 Kf8 40. Ra8+ Ke7 41. Ra7+ Kf8 42. Ra8+ Ke7 43. Ra7+ Kf8 44. Kh5 a3 45. Ra8+ Ke7 46. Ra7+ Kf8 47. Rf7+ Kg8 48. Rf3 a2 49. Rf2 Rb1 50. Rxa2 Rb5+ 51. Kg4 Rb4+ 52. Kg3 Rb3+ 53. Kg4 Rb4+ 54. Kf5 Rb5+ 55. Ke4 Kf8 56. Rf2+ Ke7 57. Rf5 Rxf5 58. Kxf5 Kf8 59. h4 Kg8 60. h5 Kh8 1/2-1/2

[Event "Paris GCT Rapid"]
[Site "Paris"]
[Date "2017.06.23"]
[Round "8"]
[White "Nakamura, Hikaru"]
[Black "So, Wesley"]
[Result "1/2-1/2"]
[ECO "A07"]
[WhiteElo "2785"]
[BlackElo "2812"]
[PlyCount "104"]
[EventDate "2017.06.21"]
[EventType "tourn (rapid)"]
[EventRounds "9"]
[EventCountry "FRA"]
[EventCategory "22"]
[SourceTitle "CBM 179"]
[Source "ChessBase"]
[SourceDate "2017.07.12"]
[SourceVersion "1"]
[SourceVersionDate "2017.07.12"]
[SourceQuality "1"]
[TimeControl "1500"]

1. b3 d5 2. Bb2 Bf5 3. Nf3 e6 4. g3 Nf6 5. Bg2 Be7 6. Nh4 Be4 7. f3 Bg6 8. Nxg6 hxg6 9. e4 g5 10.
Qe2 Nc6 11. e5 Nh7 12. d4 Qd7 13. c3 f6 14. exf6 Bxf6 15. Bh3 Nf8 16. Bg4 Kf7 17. O-O Ng6 18. Na3 Nce7 19. Rae1 Nf5 20. Nc2 Rh6 21. Rf2 Rah8 22. Rg2 b6 23. Ne3 c5 24. dxc5 bxc5 25. Bxf5 exf5 26. Rd1 Ne7 27. Ba3 Rc8 28. Qd3 d4 29. cxd4 Bxd4 30. Bxc5 Rxc5 31. Qxd4 Qxd4 32. Rxd4 Rc1+ 33. Rd1 Rxd1+ 34. Nxd1 Rd6 35. Nb2 Nc6 36. Rc2 Nd4 37. Rc7+ Kf6 38. Rxa7 Nxf3+ 39. Kf2 Nxh2 40. Nc4 Ng4+ 41. Kf1 Re6 42. a4 f4 43. gxf4 gxf4 44. Rd7 g5 45. Rd6 Ne3+ 46. Ke2 Nxc4+ 47. Rxe6+ Kxe6 48. bxc4 Kd6 49. Kf3 Kc6 50. a5 Kc5 51. Kg4 Kc6 52. Kf3 Kc5 1/2-1/2